 Dungeon Crawl Stone Soup version 0.31-a0-278-g485e682e34 (webtiles) character file.

Game seed: 12391965887662637774

315 MacCMillion the Ruffian (level 6, 38/57 HPs)
             Began as a Troll Shapeshifter on July 16, 2023.
             Quit the game on level 1 of the Abyss.
             The game lasted 00:02:05 (1760 turns).

MacCMillion the Ruffian (Troll Shapeshifter)        Turns: 1760, Time: 00:02:06

Health: 38/57      AC:  4    Str: 26    XL:     6   Next: 19%
Magic:  5/5        EV: 10    Int:  4    God:
Gold:   93         SH:  0    Dex: 10    Spells: 5/5 levels left

rFire   . .          .
                       - Unarmed
rCold   . . .        (no shield)
rNeg    . . .        a - +0 animal skin
rPois   .            (helmet currently unavailable)
rElec   .            (cloak currently unavailable)
rCorr   .            (gloves unavailable)
SInv    .            (boots unavailable)
Will    .....        (no amulet)
Stlth   +            (no ring)
HPRegen 1.09/turn    (no ring)
MPRegen 0.09/turn

%: no passive effects
@: beast-form
A: beast (slay +2), large, unfitting armour, claws 3, regeneration 1, shaggy fur
1, tough skin 1
a: Begin Untransformation


You were on level 1 of the Abyss.
You were a hulking beast.
You visited 1 branch of the dungeon, and saw 3 of its levels.
You visited the Abyss 1 time.

You collected 93 gold pieces.

Inventory:

Armour
 a - a +0 animal skin (worn)
Jewellery
 e - an amulet of reflection
Talismans
 c - a beast talisman
Scrolls
 d - a scroll of fog {unknown}
 f - a scroll of poison {unknown}
 i - 4 scrolls of blinking {unknown}
 l - a scroll of immolation {unknown}
 m - a scroll of teleportation {unknown}
 n - a scroll of butterflies {unknown}
 o - a scroll of fear {unknown}
 p - 4 scrolls of identify {unknown}
Potions
 b - 2 potions of lignification
 g - 2 potions of heal wounds {unknown}
 h - a potion of curing {unknown}
 j - a potion of berserk rage {unknown}
 k - a potion of attraction {unknown}


   Skills:
 - Level 1.8 Fighting
 - Level 1.8 Dodging
 + Level 6.2 Unarmed Combat
 - Level 3.1 Shapeshifting


You had 5 spell levels left.
You didn't know any spells.
Your spell library contained the following spells:

 Spells                   Type           Power      Damage    Failure   Level
 Call Canine Familiar     Summ           0%         N/A       86%         3
 Portal Projectile        Hex/Tloc       0%         N/A       86%         3
 Leda's Liquefaction      Hex/Erth       0%         N/A       99%         4


Dungeon Overview and Level Annotations

Branches:
Dungeon (3/15)

Altars:
Uskayaw

Annotations:
D:3 Sigmund


Innate Abilities, Weirdness & Mutations

You are a hulking beast.
Your limbs bulge with bestial killing power. (Slay +2)
You are too large for most types of armour.
You have claws for hands.
Your natural rate of healing is unusually fast.
You are covered in fur. (AC +1)
You have tough skin. (AC +1)


Message History

No target in view!
You see here a rat corpse.
You see here a rat corpse.
Found a stone staircase leading up.
There is a stone staircase leading up here.
Found an escape hatch in the ceiling.
Found 7 stones.
There is an escape hatch in the ceiling here.
No target in view!
No target in view!
You see here 7 stones.
A bat comes into view.
Found 3 gold pieces.
Found a hide-covered altar of Uskayaw.
A bat is nearby!
A bat is nearby!
Found a runed dagger.
Found 3 scrolls labelled DEACYWNUFFE.
The bat hits you but does no damage. The bat closely misses you.
You scratch the bat.
The bat is moderately wounded.
The bat barely misses you.
You closely miss the bat. The bat barely misses you.
The bat hits you but does no damage.
You claw the bat!
You kill the bat!
No target in view!
No target in view!
p - 4 scrolls labelled DEACYWNUFFE (gained 3) Sigmund the Dreaded comes into view.
He is wielding a +3 scythe of distortion and wearing a +1 robe of fire resistance.
Found a book of Debilitation.
Sigmund shouts!
Sigmund gestures at you while chanting. The puff of flame hits you!
Sigmund points at you and mumbles some strange words.
The puff of flame hits you.
There is a hide-covered altar of Uskayaw here.
Sigmund hits you from afar with a +3 scythe of distortion!
You are cast into the Abyss!
This branch contains the abyssal rune of Zot.
Are you sure you want to abandon this character and quit the game? (Confirm with "yes".)

.......#...
.###.........
..#...#..#..
......#.... ##
#..#..... ..#
##..#...##..##
#.............
##...#....#
#..h..#
#.....#.#.....#
.#....#.##...##
#... ... ...#
#### ... .#..
#.#.. # # ## ..
.#.


There were no monsters in sight!

Vanquished Creatures
  Grinder (D:3)
  Terence (D:3)
  An orc wizard (D:3)
  An adder (D:2)
  2 worms
  4 orcs (D:3)
  4 endoplasms
  A giant cockroach (D:2)
  2 goblins
  2 hobgoblins (D:2)
  5 kobolds
  A ball python (D:3)
  4 bats
  2 frilled lizards
  7 rats
38 creatures vanquished.

Notes
Turn   | Place    | Note
-------+----------+-------------------------------------------
     0 | D:1      | MacCMillion the Troll Shapeshifter began the quest for the
                  | Orb.
     0 | D:1      | Reached XP level 1. HP: 19/19 MP: 0/0
   475 | D:2      | Reached XP level 2. HP: 22/28 MP: 1/1
  1057 | D:2      | Reached XP level 3. HP: 35/35 MP: 2/2
  1271 | D:3      | Reached skill level 3 in Unarmed Combat
  1394 | D:3      | Reached XP level 4. HP: 42/42 MP: 3/3
  1421 | D:3      | Noticed Terence
  1421 | D:3      | Noticed Grinder
  1424 | D:3      | Paralysed by Grinder for 5 turns
  1431 | D:3      | Killed Terence
  1432 | D:3      | Reached skill level 4 in Unarmed Combat
  1442 | D:3      | Paralysed by Grinder for 5 turns
  1448 | D:3      | Killed Grinder
  1449 | D:3      | Reached skill level 6 in Unarmed Combat
  1449 | D:3      | Reached XP level 5. HP: 12/49 MP: 4/4
  1449 | D:3      | Reached XP level 6. HP: 14/57 MP: 5/5
  1741 | D:3      | Found a hide-covered altar of Uskayaw.
  1754 | D:3      | Noticed Sigmund
  1758 | Abyss:1  | Cast into level 1 of the Abyss (Sigmund)
  1760 | Abyss:1  | Quit the game

Illustrated notes

Levels and vault maps discovered:
D:1:      dpeg_arrival_simpleton_b, layout_rooms, serial_glass, glass_columns_b,
          glass_columns_a
D:2:      minmay_diamond_boxcup, layout_basic, corexii_corridor_pit
D:3:      layout_loops_ring, mainiacjoe_overflow_small_starburst,
          amcnicky_mini_rare_corridor_liquid, uniq_terence, uniq_grinder,
          uniq_sigmund
Abyss:1:  base:
D:3

Skill      XL: |  1  2  3  4 |
---------------+-------------+-----
Unarmed Combat | 3 6 |  6.2
Fighting       | |  1.8
Dodging        | |  1.8
Shapeshifting  | |  3.1

Action                     |  1- 3 |  4- 6 || total
---------------------------+-------+-------++-------
  Melee: Unarmed           |    58 |    29 ||    87
 Armour: Animal skin       |    13 |     6 ||    19
  Dodge: Dodged            |    21 |    10 ||    31

Table legend: (Time is in decaauts)
 A = Elapsed time spent in this place.
 B = Non-inter-level travel time spent in this place.
 C = Inter-level travel time spent in this place.
 D = Time resting spent in this place.
 E = Time spent auto-exploring this place.
 F = Levels seen in this place.
 G = Mean time per level.
                   A        B        C        D        E       F      G
               +--------+--------+--------+--------+--------+-----+--------+
         Total |   1753 |   1713 |     40 |     40 |   1415 |   4 |  438.2 |
       Dungeon |   1752 |   1712 |     40 |     40 |   1415 |   3 |  584.0 |
         Abyss |      1 |      1 |      0 |      0 |      0 |   1 |    1.0 |
               +--------+--------+--------+--------+--------+-----+--------+

Top non-repeatable levels by time:
     D:2: 841 daAuts
     D:3: 554 daAuts
     D:1: 356 daAuts
 Abyss:1: 1 daAuts
